XFBL
NEW YORK YANKEES @ BOSTON RED SOX
06/10/1982
 
TOP OF THE 1ST
New York Yankees batting - Pitching for Boston Red Sox : LHP Dom Chiti
Pitching: LHP Dom Chiti
Batting: SHB Jerry Manuel 0-0: Fly out, F6 (Popup, 6S, EV 68.8 MPH)
Batting: LHB Wade Boggs 0-0: Ball
1-0: Ball
2-0: Called Strike
2-1: Ball
3-1: Base on Balls
Batting: LHB Kent Hrbek 0-0: Ball
1-0: Called Strike
1-1: Ball
2-1: Called Strike
2-2: Strikes out looking
Batting: RHB Pedro Guerrero 0-0: 2-RUN HOME RUN (Flyball, 7D, EV 101.9 MPH), Distance : 399 ft
Batting: LHB George Kaage 0-0: Called Strike
0-1: Ball
1-1: Swinging Strike
1-2: Foul Ball, location: 2F
1-2: Foul Ball, location: 2F
1-2: SOLO HOME RUN (Flyball, 89XD, EV 103.8 MPH), Distance : 455 ft
Batting: RHB David Hall 0-0: Called Strike
0-1: Ground out 4-3 (Groundball, 4, EV 98.8 MPH)
Top of the 1st over - 3 runs, 2 hits, 0 errors, 0 left on base; New York 3 - Boston 0
BOTTOM OF THE 1ST
Boston Red Sox batting - Pitching for New York Yankees : RHP Paul Moskau
Pitching: RHP Paul Moskau
Batting: SHB Dave Collins 0-0: Ball
1-0: Ball
2-0: Foul Ball, location: 2F
2-1: Fly out, F7 (Flyball, 7S, EV 89.4 MPH)
Batting: LHB Willie Aikens 0-0: Called Strike
0-1: Ball
1-1: Fly out, F7 (Flyball, 7LD, EV 97.5 MPH)
Batting: RHB Jeff Burroughs 0-0: Ball
1-0: Foul Ball, location: 2F
1-1: Ball
2-1: Swinging Strike
2-2: Foul Ball, location: 2F
2-2: Ground out U3 (Groundball, 3, EV 89.4 MPH)
Bottom of the 1st over - 0 runs, 0 hits, 0 errors, 0 left on base; New York 3 - Boston 0
TOP OF THE 2ND
New York Yankees batting - Pitching for Boston Red Sox : LHP Dom Chiti
Batting: RHB Emanuel Cortez 0-0: Ball
1-0: Called Strike
1-1: Ball
2-1: SOLO HOME RUN (Flyball, 7LD, EV 100.6 MPH), Distance : 355 ft
Batting: SHB Tim Raines 0-0: Fly out, F7 (Flyball, 78D, EV 86.9 MPH)
Batting: LHB Ron Hassey 0-0: Ball
1-0: Ball
2-0: Hit by Pitch
Batting: SHB Jerry Manuel 0-0: Called Strike
0-1: Ball
1-1: Ball
2-1: Called Strike
2-2: Ball
3-2: Fly out, F5 (Flyball, 5D, EV 88.8 MPH)
Batting: LHB Wade Boggs 0-0: Ball
1-0: Fly out, F6 (Popup, 15, EV 80.6 MPH)
Top of the 2nd over - 1 run, 1 hit, 0 errors, 1 left on base; New York 4 - Boston 0
BOTTOM OF THE 2ND
Boston Red Sox batting - Pitching for New York Yankees : RHP Paul Moskau
Batting: LHB George Brett 0-0: Ground out 6-3 (Groundball, 6M, EV 103.8 MPH)
Batting: LHB Claudell Washington 0-0: Fly out, F8 (Flyball, 89D, EV 86.9 MPH)
Batting: SHB Scotti Madison 0-0: Ball
1-0: Ball
2-0: Ball
3-0: Called Strike
3-1: Foul Ball, location: 2F
3-2: Foul Ball, location: 2F
3-2: Foul Ball, location: 2F
3-2: Foul Ball, location: 2F
3-2: TRIPLE (Flyball, 9LD, EV 97.5 MPH)
Batting: LHB Daryl Sconiers 0-0: Ball
1-0: Ground out 4-3 (Groundball, 4, EV 84.4 MPH)
Bottom of the 2nd over - 0 runs, 1 hit, 0 errors, 1 left on base; New York 4 - Boston 0
TOP OF THE 3RD
New York Yankees batting - Pitching for Boston Red Sox : LHP Dom Chiti
Batting: LHB Kent Hrbek 0-0: Ground out 5-3 (Groundball, 56, EV 98.8 MPH)
Batting: RHB Pedro Guerrero 0-0: Swinging Strike
0-1: Ball
1-1: SINGLE (Flyball, 89S, EV 88.8 MPH)
Batting: LHB George Kaage 0-0: Ball
1-0: Swinging Strike
1-1: Fly out, F6 (Flyball, 56D, EV 91.3 MPH)
Batting: RHB David Hall 0-0: Swinging Strike
0-1: Fly out, F3 (Popup, 3F, EV 55.0 MPH)
Top of the 3rd over - 0 runs, 1 hit, 0 errors, 1 left on base; New York 4 - Boston 0
BOTTOM OF THE 3RD
Boston Red Sox batting - Pitching for New York Yankees : RHP Paul Moskau
Batting: RHB Kevin Klettke 0-0: Ball
1-0: Ball
2-0: Ball
3-0: Base on Balls
Batting: SHB Nelson Norman 0-0: Foul Ball, location: 2F
0-1: Called Strike
0-2: Ball
1-2: Grounds into double play, 4-6-3 (Groundball, 4, EV 93.8 MPH)
Batting: SHB Dave Collins 0-0: Fly out, F7 (Flyball, 78M, EV 90.6 MPH)
Bottom of the 3rd over - 0 runs, 0 hits, 0 errors, 0 left on base; New York 4 - Boston 0
TOP OF THE 4TH
New York Yankees batting - Pitching for Boston Red Sox : LHP Dom Chiti
Batting: RHB Emanuel Cortez 0-0: Swinging Strike
0-1: Swinging Strike
0-2: Ball
1-2: Ball
2-2: Foul Ball, location: 2F
2-2: Foul Ball, location: 2F
2-2: Ball
3-2: Foul Ball, location: 2F
3-2: Foul Ball, location: 2F
3-2: Fly out, F7 (Flyball, 78S, EV 90.0 MPH)
Batting: SHB Tim Raines 0-0: Ball
1-0: Foul Ball, location: 2F
1-1: Foul Ball, location: 2F
1-2: Ball
2-2: Foul Ball, location: 2F
2-2: Ball
3-2: Ground out 5-3 (Groundball, 56S, EV 85.0 MPH)
Batting: LHB Ron Hassey 0-0: Called Strike
0-1: Fly out, F4 (Line Drive, 4, EV 71.9 MPH)
Top of the 4th over - 0 runs, 0 hits, 0 errors, 0 left on base; New York 4 - Boston 0
BOTTOM OF THE 4TH
Boston Red Sox batting - Pitching for New York Yankees : RHP Paul Moskau
Batting: LHB Willie Aikens 0-0: Ball
1-0: Called Strike
1-1: Ground out 4-3 (Groundball, 34D, EV 96.9 MPH)
Batting: RHB Jeff Burroughs 0-0: Foul Ball, location: 2F
0-1: Foul Ball, location: 2F
0-2: Foul Ball, location: 2F
0-2: Foul Ball, location: 2F
0-2: Ball
1-2: Foul Ball, location: 2F
1-2: Foul Ball, location: 2F
1-2: Ball
2-2: Ball
3-2: Ground out 6-3 (Groundball, 6, EV 103.8 MPH)
Batting: LHB George Brett 0-0: SINGLE (Line Drive, 7LS, EV 87.5 MPH)
Batting: LHB Claudell Washington 0-0: Ground out 4-3 (Groundball, 4, EV 85.0 MPH)
Bottom of the 4th over - 0 runs, 1 hit, 0 errors, 1 left on base; New York 4 - Boston 0
TOP OF THE 5TH
New York Yankees batting - Pitching for Boston Red Sox : LHP Dom Chiti
Batting: SHB Jerry Manuel 0-0: Called Strike
0-1: Ball
1-1: Ball
2-1: Ball
3-1: Base on Balls
Batting: LHB Wade Boggs 0-0: Ball
1-0: Bunted foul
1-1: Sac Bunt to 2L - play at first, batter OUT! 2-4
Jerry Manuel to second
Batting: LHB Kent Hrbek 0-0: Called Strike
0-1: Ball
1-1: Foul Ball, location: 2F
1-2: Foul Ball, location: 2F
1-2: Foul Ball, location: 2F
1-2: Ball
2-2: Ball
3-2: DOUBLE (Line Drive, 89M, EV 93.8 MPH)
Jerry Manuel scores
Pitching: RHP Don Sutton
Batting: RHB Pedro Guerrero 0-0: Ball
1-0: Ball
2-0: Called Strike
2-1: Ground out 5-3 (Groundball, 56S, EV 63.8 MPH)
Kent Hrbek to third
Batting: LHB George Kaage 0-0: Ball
1-0: Called Strike
1-1: SINGLE (Line Drive, 34, EV 98.1 MPH)
Kent Hrbek scores
Batting: RHB David Hall 0-0: Called Strike
George Kaage steals 2nd base
0-1: Fly out, F9 (Flyball, 9S, EV 93.1 MPH)
Top of the 5th over - 2 runs, 2 hits, 0 errors, 1 left on base; New York 6 - Boston 0
BOTTOM OF THE 5TH
Boston Red Sox batting - Pitching for New York Yankees : RHP Paul Moskau
Batting: SHB Scotti Madison 0-0: SINGLE (Flyball, 5D, EV 94.4 MPH)
Batting: LHB Daryl Sconiers 0-0: Ball
1-0: Hit by Pitch
Scotti Madison to second
Batting: RHB Kevin Klettke 0-0: Ball
1-0: Ball
2-0: Ball
3-0: Base on Balls
Scotti Madison to third
Daryl Sconiers to second
Batting: SHB Nelson Norman 0-0: Ball
1-0: Foul Ball, location: 2F
1-1: Fielders Choice at 2nd, 3-6 (Groundball, 34, EV 83.8 MPH)
Scotti Madison scores
Daryl Sconiers to third
Batting: SHB Dave Collins 0-0: Called Strike
0-1: Ball
1-1: Ball
2-1: SINGLE (Groundball, 34D, EV 98.1 MPH)
Daryl Sconiers scores
Nelson Norman to second
Runner from 2nd tries for 3rd, SAFE, no throw by RF
Batting: LHB Willie Aikens 0-0: Foul Ball, location: 2F
0-1: Swinging Strike
0-2: Foul Ball, location: 2F
0-2: Fly out, F9 (Line Drive, 9, EV 104.4 MPH)
Runner from 3rd tags up, SCORES, throw by RF
Batting: RHB Jeff Burroughs 0-0: Ball
1-0: 2-RUN HOME RUN (Flyball, 7LD, EV 98.1 MPH), Distance : 364 ft
Batting: LHB George Brett 0-0: Ball
1-0: Called Strike
1-1: Foul Ball, location: 2F
1-2: Fly out, F7 (Line Drive, 78M, EV 88.8 MPH)
Bottom of the 5th over - 5 runs, 3 hits, 0 errors, 0 left on base; New York 6 - Boston 5
TOP OF THE 6TH
New York Yankees batting - Pitching for Boston Red Sox : RHP Don Sutton
Batting: RHB Emanuel Cortez 0-0: Called Strike
0-1: Ball
1-1: Called Strike
1-2: Foul Ball, location: 2F
1-2: Foul Ball, location: 2F
1-2: Foul Ball, location: 2F
1-2: Ground out 6-3 (Groundball, 6, EV 88.8 MPH)
Batting: SHB Tim Raines 0-0: Ball
1-0: Reached on error, E1 (Groundball, 15S, EV 61.3 MPH)
Batting: LHB Ron Hassey 0-0: Ball
1-0: SINGLE (Groundball, 5D, EV 95.6 MPH)
Tim Raines to third
Runner from 3rd tries for Home, SAFE, throw by LF to home
Batting: SHB Jerry Manuel 0-0: Called Strike
0-1: Grounds into double play, 4-6-3 (Groundball, 4, EV 85.6 MPH)
Top of the 6th over - 1 run, 1 hit, 1 error, 0 left on base; New York 7 - Boston 5
BOTTOM OF THE 6TH
Boston Red Sox batting - Pitching for New York Yankees : RHP Paul Moskau
Batting: LHB Claudell Washington 0-0: Foul Ball, location: 2F
0-1: Called Strike
0-2: Ball
1-2: Ball
2-2: Ground out 5-3 (Groundball, 5, EV 82.5 MPH)
Batting: SHB Scotti Madison 0-0: Ball
1-0: Ground out 6-3 (Groundball, 6M, EV 105.6 MPH)
Batting: LHB Daryl Sconiers 0-0: Ball
1-0: Foul Ball, location: 2F
1-1: Called Strike
1-2: Ball
2-2: Strikes out looking
Bottom of the 6th over - 0 runs, 0 hits, 0 errors, 0 left on base; New York 7 - Boston 5
TOP OF THE 7TH
New York Yankees batting - Pitching for Boston Red Sox : RHP Don Sutton
Batting: LHB Wade Boggs 0-0: Foul Ball, location: 2F
0-1: Ball
1-1: Called Strike
1-2: Ball
2-2: Fly out, F7 (Flyball, 7D, EV 95.6 MPH)
Batting: LHB Kent Hrbek 0-0: Ball
1-0: Ball
2-0: Foul Ball, location: 2F
2-1: Ball
3-1: Foul Ball, location: 2F
3-2: Foul Ball, location: 2F
3-2: DOUBLE (Line Drive, 78XD, EV 102.5 MPH)
Batting: RHB Pedro Guerrero 0-0: Ball
1-0: Ball
2-0: Ground out 3-1 (Groundball, 34S, EV 82.5 MPH)
Kent Hrbek to third
Batting: LHB George Kaage 0-0: Ball
1-0: Foul Ball, location: 2F
1-1: Ball
2-1: Foul Ball, location: 2F
2-2: Fly out, F8 (Flyball, 8LM, EV 82.5 MPH)
Top of the 7th over - 0 runs, 1 hit, 0 errors, 1 left on base; New York 7 - Boston 5
BOTTOM OF THE 7TH
Boston Red Sox batting - Pitching for New York Yankees : RHP Paul Moskau
Batting: RHB Kevin Klettke 0-0: Called Strike
0-1: Swinging Strike
0-2: Ball
1-2: Foul Ball, location: 2F
1-2: Strikes out looking
Batting: SHB Nelson Norman 0-0: Foul Ball, location: 2F
0-1: Foul Ball, location: 2F
0-2: Ball
1-2: SINGLE (Groundball, 25, EV 74.4 MPH) (infield hit)
Batting: SHB Dave Collins 0-0: Called Strike
Nelson Norman steals 2nd base (no throw)
0-1: Ball
1-1: Called Strike
1-2: Ball
2-2: Ball
3-2: Strikes out swinging
Batting: LHB Willie Aikens 0-0: 2-RUN HOME RUN (Flyball, 7LD, EV 95.6 MPH), Distance : 370 ft
Pitching: LHP Jose Paz
Batting: RHB Jeff Burroughs 0-0: Ground out 4-3 (Groundball, 34, EV 105.0 MPH)
Bottom of the 7th over - 2 runs, 2 hits, 0 errors, 0 left on base; New York 7 - Boston 7
TOP OF THE 8TH
New York Yankees batting - Pitching for Boston Red Sox : RHP Don Sutton
Pitching: RHP Bruce Sutter
Batting: RHB David Hall 0-0: Fly out, F8 (Flyball, 89XD, EV 102.5 MPH)
Batting: RHB Emanuel Cortez 0-0: SINGLE (Groundball, 56D, EV 95.0 MPH)
Batting: SHB Tim Raines 0-0: Ball
1-0: Ball
2-0: Ball
3-0: Called Strike
3-1: Fielders Choice at 2nd, 4-6 (Groundball, 4, EV 80.0 MPH)
Batting: LHB Ron Hassey 0-0: Ball
Tim Raines is caught stealing 2nd base 2-6
Top of the 8th over - 0 runs, 1 hit, 0 errors, 0 left on base; New York 7 - Boston 7
BOTTOM OF THE 8TH
Boston Red Sox batting - Pitching for New York Yankees : LHP Jose Paz
Batting: LHB George Brett 0-0: Called Strike
0-1: Foul Ball, location: 2F
0-2: Foul Ball, location: 2F
0-2: Fly out, F7 (Flyball, 78M, EV 91.3 MPH)
Batting: LHB Claudell Washington 0-0: Ball
1-0: Ball
2-0: Ball
3-0: Called Strike
3-1: Base on Balls
Batting: SHB Scotti Madison Pickoff Throw to First - Error! E1
Claudell Washington to second
0-0: Intentional Walk
Batting: LHB Daryl Sconiers 0-0: Called Strike
0-1: Fielders Choice at 2nd, 3-6 (Groundball, 34, EV 81.9 MPH)
Claudell Washington to third
Batting: RHB Kevin Klettke 0-0: Called Strike
0-1: Ball
1-1: Foul Ball, location: 2F
1-2: 3-RUN HOME RUN (Flyball, 7D, EV 94.4 MPH), Distance : 404 ft
Pitching: RHP Jeff Cornell
Batting: SHB Nelson Norman 0-0: Ball
1-0: Ball
2-0: Fly out, F5 (Line Drive, 5, EV 63.8 MPH)
Bottom of the 8th over - 3 runs, 1 hit, 1 error, 0 left on base; New York 7 - Boston 10
TOP OF THE 9TH
New York Yankees batting - Pitching for Boston Red Sox : RHP Bruce Sutter
Batting: LHB Ron Hassey 0-0: Called Strike
0-1: Fly out, F9 (Flyball, 89S, EV 90.0 MPH)
Batting: SHB Jerry Manuel 0-0: Called Strike
0-1: Ball
1-1: Ball
2-1: Swinging Strike
2-2: Fly out, F4 (Line Drive, 4, EV 70.0 MPH)
Batting: LHB Wade Boggs 0-0: Ball
1-0: Foul Ball, location: 2F
1-1: Ball
2-1: Foul Ball, location: 2F
2-2: Foul Ball, location: 2F
2-2: Ball
3-2: Foul Ball, location: 2F
3-2: Fly out, F8 (Flyball, 8LD, EV 86.9 MPH)
Top of the 9th over - 0 runs, 0 hits, 0 errors, 0 left on base; New York 7 - Boston 10
Thursday, August 6th, 2020 - OOTP Baseball 21.5 Build 76